 Dungeon Crawl Stone Soup version 0.26-a0-541-g3b3d21e777 (webtiles) character file.

Game seed: 3060309311939684346

15603 Descartes the Fighter (level 12, -1/101 HPs)
             Began as a Formicid Fighter on Aug 16, 2020.
             Was an Initiate of Gozag.
             Slain by a sixfirhy (3 damage)
             ... in a Gauntlet.
             The game lasted 00:50:58 (13641 turns).

Descartes the Fighter (Formicid Fighter)           Turns: 13641, Time: 00:50:59

Health: -1/101     AC: 21    Str: 23    XL:     12   Next: 59%
Magic:  16/16      EV: 10    Int: 12    God:    Gozag
Gold:   1185       SH: 17    Dex: 11    Spells: 2/17 levels left

rFire    + + .     SeeInvis +   a - +5 battleaxe (freeze)
rCold    + . .     Faith    .   c - +0 tower shield
rNeg     . . .     Spirit   .   X - +0 chain mail
rPois    +         Reflect  .   (helmet unavailable)
rElec    +         Harm     .   G - +1 cloak {rCorr}
rCorr    +                      x - +2 pair of gloves
MR       +....                  l - +0 pair of boots
Stlth    ..........             S - amulet of regeneration
HPRegen  0.66/turn              n - ring "Rimaepi Xec" {*Tele rF+}
MPRegen  0.15/turn              r - +4 ring of evasion

@: resistant
A: permanent stasis, dig shafts and tunnels, four strong arms, antennae 3,
molten scales 1, strong 1, no potion heal 1
a: Dig, Shaft Self, Potion Petition, Call Merchant, Bribe Branch, Renounce
Religion


You were in a Gauntlet.
You worshipped Gozag.
Gozag was most pleased with you.
You visited 2 branches of the dungeon, and saw 13 of its levels.
You also visited: Gauntlet.

You collected 2120 gold pieces.
You spent 741 gold pieces at shops.
You paid 194 gold pieces to Gozag.

Inventory:

Hand Weapons
 a - a +5 battleaxe of freezing (weapon)
 b - a +0 fustibalus of flaming
 g - a +0 whip of electrocution
 v - a +2 flail of holy wrath
 F - a +0 executioner's axe
 V - a +2 shortbow of flaming
Missiles
 f - 315 stones
 h - 11 javelins
 i - 100 sling bullets
 q - 7 atropa-tipped darts (quivered)
 u - 4 silver boomerangs
 w - 311 arrows
 y - 2 throwing nets
 B - 8 boomerangs
 N - 39 poisoned darts
Armour
 c - a +0 tower shield (worn)
 l - a +0 pair of boots (worn)
 x - a +2 pair of gloves (worn)
 G - a +1 cloak of preservation (worn)
 X - a +0 chain mail (worn)
Jewellery
 j - an uncursed ring of magical power
 n - the ring "Rimaepi Xec" (left hand) {*Tele rF+}
   (You found it in a Gauntlet)

   [ring of teleportation]

   It may teleport you next to monsters.
   It protects you from fire.
 r - a +4 ring of evasion (right hand)
 H - a +6 ring of strength
 S - an amulet of regeneration (around neck)
 U - an uncursed ring of protection from cold
Wands
 K - a wand of digging (4)
 L - a wand of paralysis (12)
 M - a wand of enslavement (4)
 Q - a wand of disintegration (8)
 W - a wand of random effects (15)
Scrolls
 e - 7 scrolls of remove curse
 k - a scroll of magic mapping
 m - 3 scrolls of immolation
 p - 4 scrolls of enchant armour {unknown}
 s - 5 scrolls of enchant weapon
 t - 3 scrolls of amnesia
 D - a scroll of random uselessness {unknown}
 E - 3 scrolls of blinking {unknown}
 I - 4 scrolls of fear {unknown}
 J - a scroll of noise {unknown}
 R - 3 scrolls of fog {unknown}
 Z - a scroll of brand weapon {unknown}
Potions
 d - 7 potions of might
 z - 2 potions of curing
 A - 2 potions of flight
 C - 2 potions of lignification {unknown}
 O - 4 potions of stabbing
 P - a potion of cancellation
 T - 2 potions of ambrosia


   Skills:
 + Level 11.7 Fighting
   Level 2.0 Long Blades
 + Level 2.3 Axes
 - Level 8.0 Slings
 + Level 11.7 Armour
 + Level 9.4 Shields
 + Level 3.2 Spellcasting
 + Level 3.0 Conjurations
 + Level 2.1 Hexes
 + Level 2.4 Fire Magic
 + Level 4.0 Earth Magic
 + Level 3.0 Evocations


You had 2 spell levels left.
You knew the following spells:

 Your Spells              Type           Power        Failure   Level
a - Iron Shot             Conj/Erth      ##........   100%        6
b - Bolt of Magma         Conj/Fire/Erth #.........   100%        5
c - Cause Fear            Hex            #.........   100%        4

Your spell library contained the following spells:

 Spells                   Type           Power        Failure   Level
 Freeze                   Ice            #...         99%         1
 Frozen Ramparts          Ice            #.....       100%        3
 Ignite Poison            Fire/Tmut/Pois #.......     100%        3
 Ozocubu's Armour         Ice            #.......     100%        3
 Hailstorm                Conj/Ice       #.......     100%        4
 Summon Ice Beast         Ice/Summ       #.......     100%        4
 Fireball                 Conj/Fire      #.........   100%        5
 Iskenderun's Battlesphe  Conj           #.......     100%        5
 Silence                  Hex/Air        #.........   100%        5
 Yara's Violent Unravell  Hex/Tmut       #.........   100%        5
 Starburst                Conj/Fire      #.........   100%        6
 Orb of Destruction       Conj           #.........   100%        7
 Spellforged Servitor     Conj/Summ      #.........   100%        7
 Discord                  Hex            #.........   100%        8
 Ignition                 Fire           #.........   100%        8


Dungeon Overview and Level Annotations

Branches:
Dungeon (14/15)            Temple (1/1) D:6            Lair (0/6) D:10
Gauntlet (1/1)
    Orc: D:9-12      Vaults: D:13-14

Altars:
Ashenzari
Cheibriados
Dithmenos
Elyvilon
Fedhas
Gozag
Hepliaklqana
Kikubaaqudgha
Makhleb
Nemelex Xobeh
Okawaru
Qazlal
Ru
Sif Muna
Trog
Uskayaw
Vehumet
Wu Jian
Xom
Yredelemnul
Zin
The Shining One

Shops:
D:5 ([*}   D:7 :   D:9 (   D:11 *

Annotations:
D:11 exclusion: 2 doors Gauntlet 11 transporters, 21 runed translucent doors


Innate Abilities, Weirdness & Mutations

You cannot be hasted, slowed, berserked, paralysed or teleported.
You can dig through walls and to a lower floor.
Your four strong arms can wield two-handed weapons with a shield.
You have a pair of large antennae on your head. (SInv)
You are partially covered in molten scales. (AC +2)
Your muscles are strong. (Str +2)
Potions are less effective at restoring your health.


Message History

The sixfirhy hits you!
* * * LOW HITPOINT WARNING * * *
The sixfirhy shocks you. You resist.
* * * LOW HITPOINT WARNING * * *
The sixfirhy barely misses you.
You miss the sixfirhy. You block the sixfirhy's attack. x2
The sixfirhy hits you but does no damage.
The sixfirhy completely misses you. You block the sixfirhy's attack.
You completely miss the sixfirhy. You miss the sixfirhy.
The sixfirhy hits you but does no damage.
You block the sixfirhy's attack.
The sixfirhy hits you but does no damage.
You block the sixfirhy's attack.
The sixfirhy hits you but does no damage.
The sixfirhy hits you!
* * * LOW HITPOINT WARNING * * *
The sixfirhy shocks you. You resist.
You die...
Your body crumbles into a pile of gold.

#........#.###########§..########
#######..#.#.........#...#.......
#8#..#.#.##...##.#...#.##.##.
###..#.#.#.#.#.#[#...#).#....
#..#.#..##.##..#...#..##.##
###..#©#..#.©.#.©#...#©..#©.#
#8#..###..##.##.!#...#=#.##.#
###....#.#.#.#.#(#...#!...#.*
#....#.##3@.##.#...#.##.##.
###..#.........#...#.......
#8#..###########...########
###........#©#.......#©#...
#≈.......#.#..≈∩≈..#.#...
##########.#########.#### #8#
≈...............≈# ##
8.8.8.8.8.8.8.8.8#
≈...............≈#


You could see a sixfirhy.

Vanquished Creatures
  A hydra (D:11)
  Harold (D:9)
  A centaur warrior (D:8)
  A two-headed ogre (D:11)
  A sixfirhy (Gauntlet)
  An unseen horror (D:11)
  Pikel (D:4)
  An ugly thing (D:11)
  An apocalypse crab (Gauntlet)
  A queen bee (D:9)
  3 trolls (D:10)
  Grinder (D:5)
  2 hippogriffs
  A hornet (D:8)
  A meliai zombie (D:14)
  A vampire (D:11)
  A shadow (D:14)
  7 yaks
  A steam dragon (D:9)
  2 chaos spawn (Gauntlet)
  A neqoxec (Gauntlet)
  Menkaure (D:4)
  Edmund (D:6)
  2 soldier ants (D:11)
  A water moccasin (D:8)
  3 porcupines (D:10)
  3 sky beasts
  2 black bears (D:10)
  An orc warrior (D:6)
  3 necrophages
  3 phantoms
  7 centaurs
  6 ogres
  2 crocodiles (D:11)
  2 lemures (D:4)
  A big kobold (D:7)
  6 bullfrogs
  2 scorpions
  A wyvern skeleton (D:7)
  25 killer bees
  15 wights
  3 howler monkeys (D:10)
  4 quasits
  A gnoll shaman (D:4)
  5 hounds
  A centaur zombie (D:5)
  2 lava snakes (D:10)
  5 orc wizards
  7 orc priests
  3 jellies
  An iguana (D:11)
  8 worker ants
  2 hound skeletons (D:7)
  A mummy (D:7)
  2 worker ant zombies
  12 adders
  12 gnolls
  2 shadow imps
  5 white imps
  An ufetubus (D:9)
  2 oozes
  An adder zombie (D:9)
  A worm (D:2)
  2 dart slugs
  8 leopard geckos
  32 orcs
  7 bats
  3 giant cockroaches
  8 goblins
  8 hobgoblins
  9 jackals
  9 kobolds
  3 quokkas
  3 ball pythons
  6 frilled lizards
  A hobgoblin zombie (D:7)
  A jackal skeleton (D:5)
  A jackal zombie (D:5)
  3 kobold zombies (D:7)
  2 leopard gecko zombies
  10 rats
  7 demonic plants (Gauntlet)
  3 fungi (D:10)
  A plant (D:10)
326 creatures vanquished.

Vanquished Creatures (others)
  An unseen horror (D:14)
  6 demonic plants (Gauntlet)
  6 fungi (D:10)
  7 plants
20 creatures vanquished.

Grand Total: 346 creatures vanquished

Notes
Turn   | Place    | Note
-------+----------+-------------------------------------------
     0 | D:1      | Descartes the Formicid Fighter began the quest for the Orb.
     0 | D:1      | Reached XP level 1. HP: 18/18 MP: 1/1
    81 | D:1      | Reached XP level 2. HP: 24/24 MP: 2/2
   220 | D:1      | Reached XP level 3. HP: 26/30 MP: 3/3
   886 | D:2      | Reached XP level 4. HP: 37/37 MP: 4/4
  1804 | D:3      | Reached XP level 5. HP: 42/42 MP: 5/5
  2132 | D:3      | Reached skill level 5 in Shields
  2397 | D:3      | Found an ancient bone altar of Kikubaaqudgha.
  2759 | D:4      | Reached XP level 6. HP: 40/49 MP: 6/6
  2774 | D:4      | Reached skill level 5 in Armour
  2799 | D:4      | Reached skill level 5 in Fighting
  3466 | D:4      | Found a stormy altar of Qazlal.
  3521 | D:4      | Found a burning altar of Makhleb.
  3563 | D:4      | Found a bloodstained altar of Trog.
  3583 | D:4      | Reached XP level 7. HP: 56/56 MP: 7/7
  3896 | D:5      | Entered Level 5 of the Dungeon
  4422 | D:5      | Noticed Pikel
  4511 | D:5      | Noticed Grinder
  4528 | D:5      | Killed Grinder
  4528 | D:5      | Reached XP level 8. HP: 62/65 MP: 8/8
  4631 | D:5      | Noticed Menkaure
  4637 | D:4      | Killed Menkaure
  4662 | D:4      | Killed Pikel
  4662 | D:4      | Reached XP level 9. HP: 58/72 MP: 9/9
  5141 | D:5      | Found Zanab's General Store.
  5149 | D:5      | Found Fiwungearo's Antique Armour Emporium.
  5209 | D:5      | Found Cuwokh's Gadget Boutique.
  5249 | D:5      | Found Qeyhiy's Antique Weapon Boutique.
  5694 | D:6      | Noticed Edmund
  5704 | D:6      | Killed Edmund
  5909 | D:6      | Gained mutation: Potions are less effective at restoring
                  | your health. [potion of mutation]
  5909 | D:6      | Gained mutation: You are partially covered in molten
                  | scales. (AC +2) [potion of mutation]
  5909 | D:6      | Gained mutation: Your muscles are strong. (Str +2) [potion
                  | of mutation]
  6041 | D:6      | Reached skill level 1 in Slings
  6068 | D:6      | Found a staircase to the Ecumenical Temple.
  6079 | Temple   | Entered the Ecumenical Temple
  7219 | D:7      | Found Gegas's Book Shop.
  7367 | D:7      | Found an iron altar of Okawaru.
  7502 | D:8      | Reached XP level 10. HP: 82/82 MP: 10/10
  7763 | D:8      | Found an opulent altar of Gozag.
  7776 | D:8      | Became a worshipper of Gozag Ym Sagoz the Greedy
  8180 | D:8      | Found a sacrificial altar of Ru.
  8268 | D:8      | Found a glowing golden altar of the Shining One.
  8584 | D:8      | Reached skill level 5 in Slings
  8729 | D:8      | Noticed a centaur warrior
  8738 | D:8      | Killed a centaur warrior
  8738 | D:8      | Reached skill level 10 in Fighting
  8738 | D:8      | Reached skill level 10 in Armour
  9027 | D:8      | Found a basalt altar of Yredelemnul.
  9307 | D:8      | Found a white marble altar of Elyvilon.
 10145 | D:9      | Reached XP level 11. HP: 88/92 MP: 11/11
 10369 | D:9      | HP: 4/92 [killer bee (6)]
 10694 | D:9      | Noticed Harold
 10720 | D:9      | Killed Harold
 10796 | D:9      | Found Doen's Antique Weapon Emporium.
 10809 | D:9      | Learned a level 6 spell: Iron Shot
 10878 | D:10     | Entered Level 10 of the Dungeon
 11081 | D:10     | Found a staircase to the Lair.
 11095 | D:10     | Reached skill level 1 in Spellcasting
 11095 | D:10     | Reached skill level 1 in Earth Magic
 11106 | D:10     | Reached skill level 1 in Conjurations
 11384 | D:5      | Bought a scroll of identify for 22 gold pieces
 11384 | D:5      | Bought a scroll of identify for 22 gold pieces
 11384 | D:5      | Bought a scroll of remove curse for 33 gold pieces
 11396 | D:5      | Bought a runed cloak for 172 gold pieces
 11445 | D:5      | Learned a level 5 spell: Bolt of Magma
 11570 | D:9      | Bought a glowing fustibalus for 468 gold pieces
 12293 | D:11     | Reached skill level 1 in Evocations
 12357 | D:11     | Found Wucvaeng's General Store.
 12360 | D:11     | Bought a scroll of identify for 24 gold pieces
 12481 | D:11     | Noticed a two-headed ogre
 12489 | D:11     | Killed a two-headed ogre
 12489 | D:11     | Reached skill level 1 in Axes
 12489 | D:11     | Reached skill level 1 in Fire Magic
 12489 | D:11     | Reached XP level 12. HP: 85/100 MP: 15/15
 12614 | D:11     | Noticed a four-headed hydra
 12630 | D:11     | Killed a four-headed hydra
 12691 | D:11     | Learned a level 4 spell: Cause Fear
 12716 | D:11     | Noticed an unseen horror
 12753 | D:11     | Killed an unseen horror
 12753 | D:11     | Reached skill level 1 in Hexes
 12822 | D:11     | Noticed a five-headed hydra
 12875 | D:11     | You fall into a shaft and drop 3 floors!
 12877 | D:14     | Noticed an unseen horror
 12884 | D:14     | Killed an unseen horror
 13001 | D:14     | Found a gate leading to a gauntlet.
 13022 | D:14     | Noticed a skeletal warrior
 13029 | D:14     | Noticed a skeletal warrior
 13030 | Gauntlet | Entered a Gauntlet
 13030 | Gauntlet | Found a transporter.
 13030 | Gauntlet | Found a transporter.
 13034 | Gauntlet | Found a transporter.
 13034 | Gauntlet | Found a transporter.
 13038 | Gauntlet | Noticed a sixfirhy
 13041 | Gauntlet | Noticed a sixfirhy
 13043 | Gauntlet | Found a transporter.
 13046 | Gauntlet | Noticed a sixfirhy
 13047 | Gauntlet | Found a large runed translucent door.
 13049 | Gauntlet | Noticed a sixfirhy
 13056 | Gauntlet | Found a transporter.
 13062 | Gauntlet | Noticed a sixfirhy
 13065 | Gauntlet | Noticed a wretched star
 13066 | Gauntlet | Found a transporter.
 13066 | Gauntlet | Found a transporter.
 13070 | Gauntlet | Found a transporter.
 13089 | Gauntlet | Noticed a sixfirhy
 13097 | Gauntlet | Found a transporter.
 13106 | Gauntlet | Found a transporter.
 13106 | Gauntlet | Noticed a wizard
 13126 | Gauntlet | Found a transporter.
 13172 | Gauntlet | Found a transporter.
 13180 | Gauntlet | Noticed a wizard
 13188 | Gauntlet | Found a transporter.
 13289 | Gauntlet | Found a transporter.
 13291 | Gauntlet | Found a large runed translucent door.
 13291 | Gauntlet | Found a large runed translucent door.
 13292 | Gauntlet | Found a large runed translucent door.
 13292 | Gauntlet | Found a large runed translucent door.
 13293 | Gauntlet | Found a runed translucent door.
 13293 | Gauntlet | Found a large runed translucent door.
 13293 | Gauntlet | Found a runed translucent door.
 13293 | Gauntlet | Found a large runed translucent door.
 13293 | Gauntlet | Found a large runed translucent door.
 13294 | Gauntlet | Found a large runed translucent door.
 13294 | Gauntlet | Found a large runed translucent door.
 13297 | Gauntlet | Found a large runed translucent door.
 13297 | Gauntlet | Found a large runed translucent door.
 13299 | Gauntlet | Found a large runed translucent door.
 13299 | Gauntlet | Found a large runed translucent door.
 13299 | Gauntlet | Found a large runed translucent door.
 13301 | Gauntlet | Found a runed translucent gate.
 13301 | Gauntlet | Found a runed translucent gate.
 13301 | Gauntlet | Found a runed translucent gate.
 13303 | Gauntlet | Found a transporter.
 13314 | Gauntlet | Found a large runed translucent door.
 13568 | Gauntlet | Got a smoking jade ring
 13588 | Gauntlet | Identified the ring "Rimaepi Xec" {*Tele rF+} (You found it
                  | in a Gauntlet)
 13613 | Gauntlet | Killed a sixfirhy
 13641 | Gauntlet | HP: 2/101 [sixfirhy (9)]
 13641 | Gauntlet | Slain by a sixfirhy

Illustrated notes

Levels and vault maps discovered:
D:1:      giann_forest_graveyard, layout_basic
D:2:      layout_basic, minmay_pentomino_v2
D:3:      layout_basic, kiku_gazebo_garden_becter
D:4:      layout_loops_ring, lemuel_crystal_altar, lightli_temple_of_fire,
          grunt_qazlal_sundering
D:5:      cheibrodos_quashed, layout_rooms, serial_shops, shop,
          nicolae_shop_waterfront, nicolae_shop_overgrown_old_shop, shop,
          uniq_menkaure, uniq_pikel, uniq_grinder
D:6:      layout_gridville, minmay_temple_entry_proselytizer, uniq_edmund
D:7:      layout_rooms, kennysheep_mini_moat, serial_shops,
          nicolae_shop_behind_doors, minmay_mini_ossuary
D:8:      layout_basic, kennysheep_ying_yang, grunt_gozag_statues,
          old_standard_altar, nicolae_ru_path_of_blood, minmay_crystal_water
D:9:      layout_long_grid, serial_shops, kennysheep_little_box, special_room
          [special_room_bee], minmay_misc_feat_chi, uniq_harold
D:10:     layout_roguey, due_lair_maze_entry_diamond, corner_web_ring,
          roderic_lattice_a, kennysheep_big_empty_room, palyth_stone_intersect
D:11:     minmay_polygon_palace, layout_cave_pools, serial_shops,
          kennysheep_mini
D:14:     layout_rooms, gauntlet_entry_generic, gammafunk_ghost_cemetery
Temple:   hc_temple_tempest_star
Gauntlet: gammafunk_gauntlet_branching [gammafunk_gauntlet_arena_grid,
          nicolae_gauntlet_arena_quarters, nicolae_gauntlet_swirl,
          gammafunk_gauntlet_arena_arrow_garden, nicolae_gauntlet_arena_t_cross,
          minmay_gauntlet_arena_make_your_own_arena,
          gammafunk_gauntlet_arena_corners, nicolae_gauntlet_arena_grate_2,
          nicolae_gauntlet_exit_dead_adventurers]

Skill      XL: |  1  2  3  4  5  6  7  8  9 10 11 12 |
---------------+-------------------------------------+-----
Shields        | 4 5 7 8 9 |  9.4
Fighting       | 4 5 6 7 8 10 11 | 11.7
Armour         | 4 5 6 7 8 10 11 | 11.7
Slings         | 3 6 8 |  8.0
Spellcasting   | 2 3 |  3.2
Earth Magic    | 2 4 |  4.0
Conjurations   | 2 3 |  3.0
Evocations     | 1 3 |  3.0
Axes           | 1 2 |  2.3
Fire Magic     | 1 2 |  2.4
Hexes          | 2 |  2.1
Long Blades    | |  2.0

Action                   |  1- 3 |  4- 6 |  7- 9 | 10-12 || total
-------------------------+-------+-------+-------+-------++-------
Melee: Long sword        |    47 |       |       |       ||    47
       Short sword       |    46 |   186 |   340 |   121 ||   693
       Battleaxe         |       |       |       |   516 ||   516
 Fire: Fustibalus        |       |       |       |    90 ||    90
Throw: Dart              |       |       |       |     7 ||     7
 Abil: Dig               |       |       |     1 |    16 ||    17
       Shaft Self        |       |       |       |     1 ||     1
Evoke: Wand              |       |       |       |     2 ||     2
  Use: Scroll            |       |       |     7 |    11 ||    18
       Potion            |       |       |     1 |     5 ||     6
 Stab: Distracted        |       |       |       |     3 ||     3
Armor: Scale mail        |    40 |    62 |   156 |    68 ||   326
       Chain mail        |       |       |       |   344 ||   344
Dodge: Dodged            |    28 |    58 |   185 |   373 ||   644
Block: Kite shield       |    58 |    92 |   229 |   389 ||   768
       Tower shield      |       |       |       |   226 ||   226
       Rpst.: Long sword |     3 |       |       |       ||     3

Table legend: (Time is in decaauts)
 A = Elapsed time spent in this place.
 B = Non-inter-level travel time spent in this place.
 C = Inter-level travel time spent in this place.
 D = Time resting spent in this place.
 E = Time spent auto-exploring this place.
 F = Levels seen in this place.
 G = Mean time per level.
                   A        B        C        D        E       F      G
               +--------+--------+--------+--------+--------+-----+--------+
         Total |  14097 |  13475 |    622 |   1192 |   8686 |  14 | 1006.9 |
       Dungeon |  13094 |  12485 |    609 |   1192 |   8067 |  12 | 1091.2 |
        Temple |    344 |    331 |     13 |      0 |    330 |   1 |  344.0 |
      Gauntlet |    658 |    658 |      0 |      0 |    289 |   1 |  658.0 |
               +--------+--------+--------+--------+--------+-----+--------+

Top non-repeatable levels by time:
     D:8: 2284 daAuts
     D:4: 2141 daAuts
     D:9: 1435 daAuts
     D:3: 1385 daAuts
     D:6: 1041 daAuts
    D:10: 1003 daAuts
    D:11: 835 daAuts
     D:1: 811 daAuts
     D:5: 778 daAuts
Gauntlet: 658 daAuts
     D:7: 645 daAuts
     D:2: 554 daAuts
  Temple: 344 daAuts
    D:14: 177 daAuts
